 Dungeon Crawl Stone Soup version 0.26-a0-808-g930a2b7adc (webtiles) character file.

Game seed: 4848727335388677115

201 ANON1729 the Carver (level 5, -9/47 HPs)
             Began as a Gnoll Wanderer on Nov 12, 2020.
             Was a Follower of Okawaru.
             Mangled by an orc warrior
             ... wielding a +0 glaive
              (29 damage)
             ... on level 3 of the Dungeon.
             The game lasted 00:02:47 (2397 turns).

ANON1729 the Carver (Gnoll Wanderer)                Turns: 2397, Time: 00:02:47

Health: -9/47      AC:  1    Str: 12    XL:     5   Next: 79%
Magic:  7/7        EV: 13    Int: 19    God:    Okawaru [*.....]
Gold:   118        SH:  0    Dex: 15    Spells: 7/7 levels left

rFire    . . .     SeeInvis .   a - +2 falchion
rCold    . . .     Faith    .   (no shield)
rNeg     . . .     Spirit   .   d - +0 robe
rPois    .         Reflect  .   (no helmet)
rElec    .         Harm     .   (no cloak)
rCorr    .         Rampage  .   (no gloves)
MR       .....                  (no boots)
Stlth    ++........             (no amulet)
HPRegen  0.00/turn              (no ring)
MPRegen  0.10/turn              (no ring)

@: slowed, very slow
A: distributed training, fangs 1, clever 1, deformed body, inhibited
regeneration, MP-powered wands, strong nose
a: Heroism, Renounce Religion


You were on level 3 of the Dungeon.
You worshipped Okawaru.
Okawaru was aware of your devotion.
You visited 1 branch of the dungeon, and saw 3 of its levels.

You collected 118 gold pieces.

Inventory:

Hand Weapons
 a - a +2 falchion (weapon)
 b - a +0 short sword
Armour
 d - a +0 robe (worn)
Jewellery
 m - an uncursed amulet of guardian spirit {unknown}
 o - an uncursed ring of flight {unknown}
 p - an uncursed ring of protection from cold {unknown}
Scrolls
 g - 2 scrolls of teleportation {unknown}
 h - a scroll of fear {unknown}
 i - 3 scrolls of enchant armour {unknown}
 l - 2 scrolls of identify {unknown}
 n - 2 scrolls of remove curse {unknown}
Potions
 c - 2 potions of lignification
 e - 2 potions of heal wounds {unknown}
 f - a potion of invisibility {unknown}
 j - 2 potions of curing {unknown}
 k - a potion of mutation


   Skills:
 + Level 6.7 Fighting
 + Level 1.6 Short Blades
 + Level 8.7 Long Blades
 + Level 1.6 Axes
 + Level 1.6 Maces & Flails
 + Level 1.6 Polearms
 + Level 1.6 Staves
 + Level 1.6 Slings
 + Level 1.6 Bows
 + Level 1.6 Crossbows
 + Level 1.6 Throwing
 + Level 1.6 Armour
 + Level 3.0 Dodging
 + Level 1.6 Stealth
 + Level 3.0 Shields
 + Level 1.6 Unarmed Combat
 + Level 1.6 Spellcasting
 + Level 1.3 Conjurations
 + Level 1.3 Hexes
 + Level 1.3 Summonings
 + Level 1.3 Necromancy
 + Level 1.3 Translocations
 + Level 1.3 Transmutations
 + Level 1.3 Fire Magic
 + Level 1.3 Ice Magic
 + Level 1.3 Air Magic
 + Level 1.3 Earth Magic
 + Level 1.3 Poison Magic
 + Level 1.8 Invocations
 + Level 3.0 Evocations


You had 7 spell levels left.
You didn't know any spells.
Your spell library was empty.

Dungeon Overview and Level Annotations

Branches:
Dungeon (3/15)

Altars:
Okawaru
Xom

Annotations:
D:3 Ijyb, Natasha


Innate Abilities, Weirdness & Mutations

Your experience applies equally to all skills.
You have very sharp teeth.
Your uncanny sense of smell can sniff out nearby items.
Your mind is acute. (Int +2)
Armour fits poorly on your strangely shaped body.
You do not regenerate when monsters are visible.
You expend magic power (3 MP) to strengthen your wands.


Message History

The orc wizard closely misses you.
Natasha mumbles some strange words.
The orc wizard hits you with a +0 dagger.
The orc wizard hits you but does no damage.
The orc wizard gestures at you while chanting.
The magic dart hits you. The orc wizard barely misses you.
You riposte.
You hit the orc wizard but do no damage.
You barely miss the orc wizard. The orc wizard casts a spell at you.
You feel yourself slow down.
It was a potion of mutation.
You feel extremely strange.
Your regeneration stops near monsters.
You feel clever.
Your body twists and deforms.
You feel your magical essence link to the dungeon's wands.
The orc wizard casts a spell.
The orc wizard blinks!
The orc warrior hits you from afar with a +0 glaive!!
Ouch! That really hurt!
You die...

#.≈..≈≈≈..#
#...≈≈≈...#
#.≈..†≈≈..#
#.ooo≈≈.#.#
##oh.≈≈≈#.#
##o5≈≈≈#.#
#o#≈≈##.#
#§##≈##.#
#@##≈##.#
#.####..#
#...†..## ∆
#...####
###.# #.#
#.. #.# #.#
#.# #.# #.#


You could see an orc warrior, Natasha, a white imp (summoned) and 5 orcs.

Vanquished Creatures
  An orc wizard (D:3)
  Jessica (D:2)
  Terence (D:2)
  2 adders (D:2)
  An ooze (D:3)
  3 worms (D:2)
  4 dart slugs
  3 leopard geckos
  6 orcs (D:3)
  5 giant cockroaches
  6 goblins
  8 hobgoblins
  4 jackals (D:2)
  5 kobolds
  2 quokkas
  3 ball pythons
  9 bats
  3 frilled lizards
  5 rats
72 creatures vanquished.

Notes
Turn   | Place    | Note
-------+----------+-------------------------------------------
     0 | D:1      | ANON1729 the Gnoll Wanderer began the quest for the Orb.
     0 | D:1      | ANON1729 set off with the following items: a +2 falchion, a
                  | +0 short sword, a potion of lignification, a +0 robe
     0 | D:1      | Reached XP level 1. HP: 23/23 MP: 1/1
    60 | D:1      | Reached XP level 2. HP: 29/29 MP: 2/2
   399 | D:1      | Reached XP level 3. HP: 34/35 MP: 3/3
   706 | D:2      | Noticed Jessica
   716 | D:2      | Killed Jessica
   716 | D:2      | Reached skill level 1 in Short Blades
   716 | D:2      | Reached skill level 1 in Axes
   716 | D:2      | Reached skill level 1 in Maces & Flails
   716 | D:2      | Reached skill level 1 in Polearms
   716 | D:2      | Reached skill level 1 in Staves
   716 | D:2      | Reached skill level 1 in Slings
   716 | D:2      | Reached skill level 1 in Bows
   716 | D:2      | Reached skill level 1 in Crossbows
   716 | D:2      | Reached skill level 1 in Throwing
   716 | D:2      | Reached skill level 1 in Armour
   716 | D:2      | Reached skill level 1 in Stealth
   716 | D:2      | Reached skill level 1 in Unarmed Combat
   716 | D:2      | Reached skill level 1 in Spellcasting
   716 | D:2      | Reached skill level 1 in Invocations
   716 | D:2      | Reached XP level 4. HP: 27/41 MP: 5/5
   980 | D:2      | Found a faded altar of an unknown god.
  1020 | D:2      | Became a worshipper of Warmaster Okawaru
  1020 | D:2      | Reached * piety under Okawaru
  1131 | D:2      | Reached skill level 1 in Conjurations
  1131 | D:2      | Reached skill level 1 in Hexes
  1131 | D:2      | Reached skill level 1 in Summonings
  1131 | D:2      | Reached skill level 1 in Necromancy
  1131 | D:2      | Reached skill level 1 in Translocations
  1131 | D:2      | Reached skill level 1 in Transmutations
  1131 | D:2      | Reached skill level 1 in Fire Magic
  1131 | D:2      | Reached skill level 1 in Ice Magic
  1131 | D:2      | Reached skill level 1 in Air Magic
  1131 | D:2      | Reached skill level 1 in Earth Magic
  1131 | D:2      | Reached skill level 1 in Poison Magic
  1660 | D:2      | Reached XP level 5. HP: 47/47 MP: 6/6
  1690 | D:2      | Noticed Terence
  1715 | D:2      | Killed Terence
  2372 | D:3      | Noticed an orc warrior
  2373 | D:3      | Found a shimmering altar of Xom.
  2373 | D:3      | Found a shimmering altar of Xom.
  2374 | D:3      | Found a shimmering altar of Xom.
  2374 | D:3      | Noticed Ijyb
  2374 | D:3      | Noticed Natasha
  2397 | D:3      | Gained mutation: You do not regenerate when monsters are
                  | visible. [potion of mutation]
  2397 | D:3      | Gained mutation: Your mind is acute. (Int +2) [potion of
                  | mutation]
  2397 | D:3      | Gained mutation: Armour fits poorly on your strangely
                  | shaped body. [potion of mutation]
  2397 | D:3      | Gained mutation: You expend magic power (3 MP) to
                  | strengthen your wands. [potion of mutation]
  2397 | D:3      | Mangled by an orc warrior

Illustrated notes

Levels and vault maps discovered:
D:1:      dpeg_arrival_tiny_i, layout_basic, corexii_corridor_pit
D:2:      layout_loops_ring, chequers_ecumenical_altar_island, uniq_jessica,
          uniq_terence
D:3:      minmay_goblin_kobold_castle, layout_loops_ring,
          chequers_serial_rivers_small_3, nicolae_xom_altar_mimics,
          uniq_natasha, uniq_robin, uniq_ijyb

Skill      XL: |  1  2  3  4  5 |
---------------+----------------+-----
Short Blades   | 1 |  1.6
Axes           | 1 |  1.6
Maces & Flails | 1 |  1.6
Polearms       | 1 |  1.6
Staves         | 1 |  1.6
Slings         | 1 |  1.6
Bows           | 1 |  1.6
Crossbows      | 1 |  1.6
Throwing       | 1 |  1.6
Armour         | 1 |  1.6
Stealth        | 1 |  1.6
Unarmed Combat | 1 |  1.6
Spellcasting   | 1 |  1.6
Invocations    | 1 |  1.8
Conjurations   | 1 |  1.3
Hexes          | 1 |  1.3
Summonings     | 1 |  1.3
Necromancy     | 1 |  1.3
Translocations | 1 |  1.3
Transmutations | 1 |  1.3
Fire Magic     | 1 |  1.3
Ice Magic      | 1 |  1.3
Air Magic      | 1 |  1.3
Earth Magic    | 1 |  1.3
Poison Magic   | 1 |  1.3
Dodging        | 3 |  3.0
Shields        | 3 |  3.0
Evocations     | 3 |  3.0
Fighting       | |  6.7
Long Blades    | |  8.7

Action                   |  1- 3 |  4- 6 || total
-------------------------+-------+-------++-------
Melee: Falchion          |    60 |   123 ||   183
       Bite              |     8 |    14 ||    22
  Use: Potion            |       |     1 ||     1
 Stab: Sleeping          |     1 |     3 ||     4
Armor: Robe              |     5 |    14 ||    19
Dodge: Dodged            |    33 |    80 ||   113
       Rpst.: Falchion   |     7 |    30 ||    37

Table legend: (Time is in decaauts)
 A = Elapsed time spent in this place.
 B = Non-inter-level travel time spent in this place.
 C = Inter-level travel time spent in this place.
 D = Time resting spent in this place.
 E = Time spent auto-exploring this place.
 F = Levels seen in this place.
 G = Mean time per level.
                   A        B        C        D        E       F      G
               +--------+--------+--------+--------+--------+-----+--------+
         Total |   2389 |   2347 |     42 |    158 |   1735 |   3 |  796.3 |
       Dungeon |   2389 |   2347 |     42 |    158 |   1735 |   3 |  796.3 |
               +--------+--------+--------+--------+--------+-----+--------+

Top non-repeatable levels by time:
     D:2: 1306 daAuts
     D:1: 685 daAuts
     D:3: 397 daAuts
